 Dungeon Crawl Stone Soup version 0.28.0-53-g5a82cb258f (webtiles) character file.

Game seed: 7379804903966889588

445 fuccboisucc420 the Chopper (level 6, 0/64 HPs)
             Began as a Troll Fighter on July 19, 2022.
             Slain by Pikel
             ... wielding a +2 whip of freezing
              (9 damage)
             ... on level 4 of the Dungeon.
             The game lasted 00:14:16 (2836 turns).

fuccboisucc420 the Chopper (Troll Fighter)          Turns: 2836, Time: 00:14:17

Health: 0/64       AC:  4    Str: 25    XL:     6   Next: 72%
Magic:  5/5        EV:  8    Int:  4    God:
Gold:   166        SH:  8    Dex:  9    Spells: 5/5 levels left

rFire   . . .      SeeInvis +   a - +0 war axe
rCold   . . .      Faith    .   c - +1 kite shield
rNeg    . . .      Spirit   .   b - +0 robe
rPois   .          Reflect  .   (helmet restricted)
rElec   .          Harm     .   (no cloak)
rCorr   .          Rampage  .   (gloves unavailable)
Will    .....                   (boots unavailable)
Stlth   +.........              (no amulet)
HPRegen 1.00/turn               (no ring)
MPRegen 0.09/turn               (no ring)

@: unable to read
A: large, unfitting armour, claws 3, regeneration 1, shaggy fur 1, tough skin 1,
see invisible, robust 1, weak 1, inability to read while threatened
a: no special abilities


You were on level 4 of the Dungeon.
You visited 1 branch of the dungeon, and saw 4 of its levels.

You collected 166 gold pieces.

Inventory:

Hand Weapons
 a - a +0 war axe (weapon)
 d - a +2 dagger of holy wrath
 o - a +4 dagger
Missiles
 i - 125 stones (quivered)
Armour
 b - a +0 robe (worn)
 c - a +1 kite shield (worn)
Jewellery
 l - a ring of magical power
Wands
 r - a wand of flame (16)
Potions
 h - a potion of ambrosia {unknown}
 p - 2 potions of mutation


   Skills:
 - Level 2.4 Fighting
 * Level 5.2 Axes
 + Level 0.1 Throwing
 - Level 2.4 Dodging
 + Level 0.6 Stealth
 + Level 3.5 Shields


You had 5 spell levels left.
You didn't know any spells.
Your spell library contained the following spells:

 Spells                   Type           Power      Damage    Failure   Level
 Freeze                   Ice            0%         1d3       80%         1
 Magic Dart               Conj           0%         1d3       80%         1
 Call Imp                 Summ           0%         N/A       90%         2
 Frozen Ramparts          Ice            0%         1d2       99%         3
 Mephitic Cloud           Conj/Pois/Air  0%         N/A       99%         3
 Hailstorm                Conj/Ice       0%         3d3       100%        4
 Alistair's Intoxication  Tmut/Pois      0%         N/A       100%        5
 Borgnjor's Vile Clutch   Necr/Erth      0%         N/A       100%        5
 Eringya's Noxious Bog    Tmut/Pois      0%         N/A       100%        6


Dungeon Overview and Level Annotations

Branches:
Dungeon (4/15)
 Temple: D:4-7

Altars:
Vehumet
Zin

Shops:
D:2 (

Annotations:
D:4 Pikel


Innate Abilities, Weirdness & Mutations

You are too large for most types of armour.
You have claws for hands.
Your natural rate of healing is unusually fast.
You are covered in fur. (AC +1)
You have tough skin. (AC +1)
You have supernaturally acute eyesight. (SInv)
You are robust. (+10% HP)
You are weak. (Str -2)
You sometimes lose the ability to read scrolls when taking damage.


Message History

Pikel freezes you.
You miss Pikel.
Pikel hits you with a +2 whip of freezing.
Pikel freezes you. Pikel closely misses you.
Aiming: Throw Flame
Press: ? - help, Shift-Dir - straight line, f - Pikel
Aim: Pikel, wielding a +2 whip of freezing and wearing a +0 robe (60% to hit)
The puff of flame hits Pikel.
Pikel is lightly wounded.
Pikel hits you with a +2 whip of freezing!
Pikel freezes you.
You barely miss Pikel.
Pikel is lightly wounded.
You block Pikel's attack.
You closely miss Pikel.
Pikel is lightly wounded.
Pikel barely misses you.
You barely miss Pikel.
Pikel is lightly wounded.
Pikel hits you with a +2 whip of freezing!
Pikel freezes you.
Pikel hits you with a +2 whip of freezing!
Pikel freezes you.
* * * LOW HITPOINT WARNING * * *
You closely miss Pikel.
Pikel is lightly wounded.
Pikel hits you with a +2 whip of freezing!
* * * LOW HITPOINT WARNING * * *
Pikel freezes you.
* * * LOW HITPOINT WARNING * * *
It was a potion of mutation.
You feel extremely strange.
Your vision sharpens.
You lose the ability to read scrolls when threatened.
You feel weaker.
You feel robust. You block Pikel's attack.
You hit Pikel but do no damage.
Pikel is lightly wounded.
Pikel hits you with a +2 whip of freezing!
You feel threatened and lose the ability to read scrolls!
You die...

### #.. #.# . #.#
...5########.#
..)555K@..##.# ######
#########.##.######.....
...........!.รท......>.
#######..#.######.....
##.#.# #..... #...#
#.#### ##..# #.# #..#
#.# ##.# #.#


You could see Pikel and 4 lemures.

Vanquished Creatures
  A centaur (D:3)
  A phantom (D:4)
  A jelly (D:4)
  An orc wizard (D:3)
  Natasha (twice) (D:4)
  Terence (D:3)
  Robin (D:3)
  4 adders
  A white imp (D:4)
  An adder skeleton (D:4)
  A worm (D:3)
  5 orcs (D:3)
  9 endoplasms
  4 giant cockroaches
  12 goblins
  11 hobgoblins
  3 jackals (D:2)
  2 quokkas
  9 ball pythons
  3 bats
  2 frilled lizards (D:2)
  6 kobolds
  10 rats
91 creatures vanquished.

Notes
Turn   | Place    | Note
-------+----------+-------------------------------------------
     0 | D:1      | fuccboisucc420 the Troll Fighter began the quest for the
                  | Orb.
     0 | D:1      | Reached XP level 1. HP: 22/22 MP: 0/0
    77 | D:1      | Reached skill level 2 in Axes
    79 | D:1      | Reached XP level 2. HP: 29/29 MP: 1/1
   435 | D:1      | Found a faded altar of an unknown god.
   586 | D:2      | Found Huelah's Weapon Emporium.
   645 | D:2      | Reached XP level 3. HP: 23/36 MP: 2/2
   732 | D:2      | Reached skill level 3 in Axes
   742 | D:2      | Found a glowing silver altar of Zin.
   878 | D:2      | Reached XP level 4. HP: 39/44 MP: 3/3
  1230 | D:3      | Noticed Robin
  1453 | D:3      | Killed Robin
  1525 | D:3      | Reached XP level 5. HP: 20/50 MP: 4/4
  1815 | D:3      | Found a radiant altar of Vehumet.
  1820 | D:3      | Noticed Terence
  1828 | D:3      | Killed Terence
  1829 | D:3      | Reached skill level 4 in Axes
  2230 | D:3      | Noticed a centaur
  2246 | D:3      | Killed a centaur
  2247 | D:3      | Reached XP level 6. HP: 39/59 MP: 5/5
  2431 | D:4      | Noticed Natasha
  2443 | D:4      | Killed Natasha
  2542 | D:4      | Noticed Natasha
  2546 | D:4      | Killed Natasha
  2547 | D:4      | Reached skill level 5 in Axes
  2821 | D:4      | Noticed Pikel
  2835 | D:4      | Gained mutation: You have supernaturally acute eyesight.
                  | (SInv) [potion of mutation]
  2835 | D:4      | Gained mutation: You sometimes lose the ability to read
                  | scrolls when taking damage. [potion of mutation]
  2835 | D:4      | Gained mutation: You are weak. (Str -2) [potion of
                  | mutation]
  2835 | D:4      | Gained mutation: You are robust. (+10% HP) [potion of
                  | mutation]
  2836 | D:4      | Slain by Pikel

Illustrated notes

Levels and vault maps discovered:
D:1:      saegor_arrival_under_anarchy, layout_rooms, basic_ecumenical_altar,
          minmay_hexomino_f4
D:2:      layout_rooms, serial_shops, shop, basic_altar, st_stairs_1
D:3:      layout_basic, lemuel_crystal_altar, uniq_robin, uniq_terence
D:4:      layout_basic, enter_ossuary_4, uniq_natasha, uniq_pikel

Skill      XL: |  1  2  3  4  5  6 |
---------------+-------------------+-----
Axes           | 2 3 4 5 |  5.2
Shields        | 3 |  3.5
Fighting       | |  2.4
Throwing       | |  0.1
Dodging        | |  2.4
Stealth        | |  0.6

Action                   |  1- 3 |  4- 6 || total
-------------------------+-------+-------++-------
Melee: War axe           |   157 |   161 ||   318
Throw: Stone             |       |     7 ||     7
Evoke: Wand              |       |     2 ||     2
  Use: Potion            |     2 |     3 ||     5
       Scroll            |       |     8 ||     8
 Stab: Sleeping          |     1 |       ||     1
Armor: Robe              |    62 |    29 ||    91
Dodge: Dodged            |    85 |    60 ||   145
Block: Kite shield       |    64 |    64 ||   128
